 Dungeon Crawl Stone Soup version 0.28.0 (webtiles) character file.

Game seed: 13461486155403263346

98991 Kaptain the Warrior (level 15, -6/150 HPs)
             Began as a Minotaur Fighter on Feb 18, 2022.
             Mangled by a naga mage (19 damage)
             ... on level 1 of the Snake Pit.
             The game lasted 01:22:39 (27234 turns).

Kaptain the Warrior (Minotaur Fighter)             Turns: 27234, Time: 01:22:40

Health: -6/150     AC: 28    Str: 26    XL:     15   Next: 76%
Magic:  13/19      EV:  5    Int: 15    God:
Gold:   52         SH: 23    Dex: 14    Spells: 23/23 levels left

rFire   . . .      SeeInvis +   a - +0 broad axe
rCold   + + .      Faith    .   v - +4 tower shield "Baesow" {Int+4 Slay-2 SInv}
rNeg    . . .      Spirit   .   Y - +2 crystal plate armour {rC+}
rPois   +          Reflect  .   E - +0 hat
rElec   .          Harm     .   S - +0 cloak
rCorr   .          Rampage  .   p - +0 pair of gloves
Will    +....                   (no boots)
Stlth   ..........              Q - amulet of regeneration
HPRegen 1.95/turn               n - +6 ring of strength
MPRegen 0.16/turn               W - +4 ring of slaying

@: lethally poisoned (-6 -> -6), slowed, constricted, very slow
A: horns 2, retaliatory headbutt, agile 1, cold resistance 1, low MP 1, poison
resistance, regeneration 1
a: no special abilities


You were on level 1 of the Snake Pit.
You visited 5 branches of the dungeon, and saw 22 of its levels.
You also visited: Ossuary, Bailey, Ice Cave and Volcano.

You collected 2590 gold pieces.
You spent 2538 gold pieces at shops.

Inventory:

Hand Weapons
 a - a +0 broad axe (weapon)
 z - the +10 mace "Liseclett" {pain, rPois Dex+5}
   (You found it in an ice cave)

   In the hands of one skilled in necromantic magic, it inflicts extra damage on
   living creatures.
   Dex:       It affects your dexterity (+5).
   rPois:     It protects you from poison.
 X - a +4 scimitar of flaming
Missiles
 g - 30 poisoned darts (quivered)
 o - 6 throwing nets
 Z - 131 arrows
Armour
 h - a +1 plate armour of fire resistance
 p - a +0 pair of gloves (worn)
 v - the +4 tower shield "Baesow" (worn) {Int+4 Slay-2 SInv}
   (You found it in a volcano)

   Int:       It affects your intelligence (+4).
   Slay:      It affects your accuracy & damage with ranged weapons and melee
   (-2).
   SInv:      It lets you see invisible.
 E - a +0 hat (worn)
 O - a +2 plate armour of willpower
 S - a +0 cloak (worn)
 Y - a +2 crystal plate armour of cold resistance (worn)
Jewellery
 e - a ring of fire
 m - a ring of magical power
 n - a +6 ring of strength (left hand)
 I - an amulet of guardian spirit
 Q - an amulet of regeneration (around neck)
 R - a ring of positive energy
 V - an amulet of magic regeneration
 W - a +4 ring of slaying (right hand)
Wands
 b - a wand of digging (25)
 q - a wand of acid (22)
 u - a wand of iceblast (8)
 A - a wand of mindburst (5)
 H - a wand of flame (7)
 M - a wand of charming (8)
 T - a wand of paralysis (15)
Scrolls
 c - 6 scrolls of vulnerability
 i - 4 scrolls of teleportation
 j - a scroll of summoning
 l - 3 scrolls of enchant weapon
 t - a scroll of fog
 w - a scroll of fear
 x - a scroll of blinking
 y - 2 scrolls of acquirement
 D - a scroll of silence
 F - a scroll of immolation
 J - 2 scrolls of holy word
 N - a scroll of magic mapping
Potions
 d - a potion of resistance
 f - a potion of invisibility
 k - 3 potions of mutation
 r - 3 potions of haste
 s - 2 potions of cancellation
 B - a potion of flight
 C - 3 potions of brilliance
 K - a potion of might
 P - 2 potions of ambrosia
 U - 9 potions of curing
Miscellaneous
 G - a phial of floods
 L - a condenser vane


   Skills:
 * Level 18.6 Fighting
 * Level 4.5 Long Blades
 + Level 11.8 Axes
 * Level 14.8 Armour
 * Level 13.2 Dodging
 * Level 15.0 Shields
 + Level 4.9 Spellcasting


You had 23 spell levels left.
You didn't know any spells.
Your spell library contained the following spells:

 Spells                   Type           Power      Damage    Failure   Level
 Animate Skeleton         Necr           6%         N/A       100%        1
 Pain                     Necr           12%        1d4       100%        1
 Blink                    Tloc           6%         N/A       100%        2
 Call Canine Familiar     Summ           3%         N/A       100%        3
 Conjure Flame            Conj/Fire      3%         6-21      100%        3
 Dazzling Flash           Conj/Hex       6%         N/A       100%        3
 Ignite Poison            Fire/Tmut/Pois 3%         N/A       100%        3
 Lesser Beckoning         Tloc           3%         N/A       100%        3
 Ozocubu's Armour         Ice            3%         N/A       100%        3
 Portal Projectile        Hex/Tloc       6%         N/A       100%        3
 Stone Arrow              Conj/Erth      6%         3d7       100%        3
 Tukima's Dance           Hex            3%         N/A       100%        3
 Vampiric Draining        Necr           3%         2d6       100%        3
 Animate Armour           Summ/Erth      6%         N/A       100%        4
 Animate Dead             Necr           1%         N/A       100%        4
 Hailstorm                Conj/Ice       3%         3d3       100%        4
 Ice Form                 Ice/Tmut       3%         N/A       100%        4
 Leda's Liquefaction      Hex/Erth       1%         N/A       100%        4
 Passage of Golubria      Tloc           3%         N/A       100%        4
 Sticky Flame             Conj/Fire      3%         2d3       100%        4
 Agony                    Necr           3%         N/A       100%        5
 Blade Hands              Tmut           1%         N/A       100%        5
 Borgnjor's Vile Clutch   Necr/Erth      1%         N/A       100%        5
 Irradiate                Conj/Tmut      1%         3d14      100%        5
 Manifold Assault         Tloc           3%         N/A       100%        5
 Silence                  Hex/Air        1%         N/A       100%        5
 Yara's Violent Unravell  Hex/Tmut       1%         3d3       100%        5
 Death Channel            Necr           1%         N/A       100%        6
 Simulacrum               Ice/Necr       1%         N/A       100%        6
 Dragon Form              Tmut           1%         N/A       100%        7
 Haunt                    Necr/Summ      1%         N/A       100%        7
 Ozocubu's Refrigeration  Ice            1%         4d5       100%        7
 Infestation              Necr           1%         N/A       100%        8
 Lehudib's Crystal Spear  Conj/Erth      1%         10d2      100%        8


Dungeon Overview and Level Annotations

Branches:
Dungeon (12/15)            Temple (1/1) D:4            Lair (6/6) D:11
 Shoals (0/4) Lair:3        Snake (1/4) Lair:4        Slime (0/5) Lair:5
    Orc (2/2) D:10            Elf (0/3) Orc:2       Ossuary (visited)
 Bailey (visited)           IceCv (visited)         Volcano (visited)

Altars:
Ashenzari
Cheibriados
Dithmenos
Elyvilon
Fedhas
Gozag
Hepliaklqana
Kikubaaqudgha
Makhleb
Nemelex Xobeh
Okawaru
Qazlal
Ru
Sif Muna
Trog
Uskayaw
Vehumet
Wu Jian
Xom
Yredelemnul
Zin
The Shining One
Beogh

Shops:
D:4 (   D:9 (   Orc:1 :(*:*   Orc:2 ![=!


Innate Abilities, Weirdness & Mutations

You have a pair of horns on your head.
You reflexively headbutt those who attack you in melee.
You are agile. (Dex +2)
Your flesh is cold resistant. (rC+)
Your magical capacity is low. (-10% MP)
Your system is resistant to poisons. (rPois)
Your natural rate of healing is unusually fast.


Message History

You block the salamander's attack.
The naga warrior hits you but does no damage.
The naga warrior constricts you.
You barely miss the naga warrior. Your headbutt misses the naga warrior.
The naga warrior is severely wounded.
You feel sick. You block the naga mage's attack.
You block the salamander's attack.
The naga warrior hits you but does no damage.
The naga warrior constricts you. You block the naga mage's attack.
The salamander hits you from afar with a +0 spear.
You are engulfed in flames!
* * * LOW HITPOINT WARNING * * *
The naga warrior spits poison at you. You block the splash of poison.
The naga warrior constricts you.
* * * LOW HITPOINT WARNING * * *
The naga mage hits you from afar with a +0 halberd!
* * * LOW HITPOINT WARNING * * *
The salamander hits you but does no damage.
The naga warrior hits you but does no damage.
The naga warrior constricts you.
* * * LOW HITPOINT WARNING * * *
Unknown command.
You slash the naga warrior!
The naga warrior is almost dead.
You feel sick.
The naga mage hits you from afar with a +0 halberd.
* * * LOW HITPOINT WARNING * * *
You block the salamander's attack. You block the naga warrior's attack.
The naga warrior constricts you.
The salamander mystic points at the naga and mumbles some strange words.
The naga seems to speed up.
The naga mage hits you from afar with a +0 halberd.
* * * LOW HITPOINT WARNING * * *
The salamander hits you from afar with a +0 spear!
* * * LOW HITPOINT WARNING * * *
You are engulfed in flames!
* * * LOW HITPOINT WARNING * * *
You block the naga warrior's attack. The naga warrior constricts you.
The naga mage hits you from afar with a +0 halberd!!
You die...

### ##...#....##.....#.#.#
..# #.........##....>.....
..####...###...#..#.....#.#
..##......## #.............
........#..###.........N...
................N...N#
...####....####NNN...#
..######..######N#..##
..##..##..##..##@#.##
..##..##..##..##...#
####..######..##........
###....####...##........
..............##......#.
..............##.....#..
.....#####....##........
#...## ##...##.#.###..
#...# #...##.... ..


You could see a naga warrior (fast, curare, catching breath), a salamander
mystic (strong), a salamander (fast, strong), a naga mage (fast, strong) and a
naga (fast, strong, curare).

Vanquished Creatures
  Gastronok (D:9)
  A reaper (IceCv)
  A stone giant (Volcano)
  Snorg (Lair:3)
  Josephine (Orc:1)
  5 hydras
  2 boulder beetles
  Harold (D:8)
  An anaconda (Lair:6)
  2 alligators
  A catoblepas (Lair:5)
  6 two-headed ogres
  5 death yaks (Lair:6)
  A shock serpent (Snake:1)
  3 slime creatures
  2 goliath frogs (Lair:6)
  A salamander mystic (Snake:1)
  An obsidian statue (Volcano)
  3 orc knights
  3 oklob plants
  A mana viper (Snake:1)
  2 cyclopes
  2 manticores
  An ugly thing (D:10)
  19 elephants
  5 black mambas
  24 cane toads
  An ice statue (IceCv)
  A torpor snail (Lair:4)
  A kobold demonologist (D:11)
  An unseen horror (D:10)
  6 rime drakes
  An efreet (Volcano)
  11 komodo dragons
  An anaconda simulacrum (IceCv)
  An ice devil (IceCv)
  2 entropy weaver simulacra (IceCv)
  A troll (Orc:2)
  Prince Ribbit (Lair:3)
  2 polar bears (Lair:4)
  3 hornets (Lair:4)
  42 blink frogs
  2 tyrant leeches (Lair:6)
  A shadow (D:8)
  5 fire bats (Volcano)
  A dire elephant simulacrum (IceCv)
  7 wraiths
  2 fire elementals (Volcano)
  2 wyverns
  52 yaks
  4 basilisks
  7 vampire mosquitoes
  3 steam dragons
  A death yak simulacrum (IceCv)
  3 wargs
  A harpy simulacrum (IceCv)
  24 water moccasins
  4 nagas
  3 acid dragons
  Edmund (D:5)
  A sky beast (D:7)
  An ice beast (D:3)
  2 black bears
  A hornet zombie (D:7)
  40 orc warriors
  7 wolves
  4 ogres
  17 centaurs
  A phantom (D:4)
  2 kobold brigands
  24 bullfrogs
  An earth elemental (Volcano)
  4 two-headed ogre simulacra (IceCv)
  2 cane toad simulacra (IceCv)
  3 scorpions
  2 water moccasin zombies (D:6)
  A wyvern skeleton (D:7)
  3 elephant simulacra (IceCv)
  A water moccasin skeleton (D:5)
  10 killer bees
  3 electric eels
  3 wights (D:9)
  8 lava snakes (Volcano)
  7 howler monkeys
  3 bullfrog zombies
  7 centaur zombies
  3 hounds
  4 human zombies (Ossuary)
  21 orc priests
  A centaur skeleton (D:6)
  A gnoll shaman (D:9)
  3 jellies
  Terence (D:3)
  19 orc wizards
  5 hell rats
  2 polar bear simulacra (IceCv)
  5 spriggan simulacra (IceCv)
  4 troll simulacra (IceCv)
  A wolf simulacrum (IceCv)
  A killer bee zombie (D:9)
  A hound skeleton (D:4)
  2 mummies (Ossuary)
  8 adders
  6 gnolls
  8 naga simulacra (IceCv)
  3 shadow imps
  7 white imps
  11 ufetubi
  2 adder zombies
  2 worms
  2 dart slugs
  96 orcs
  4 bats
  10 endoplasms
  5 giant cockroaches
  17 goblins
  12 hobgoblins
  4 jackals (D:2)
  3 quokkas
  6 ball pythons
  A frilled lizard (D:3)
  A goblin zombie (Ossuary)
  12 hobgoblin zombies (Ossuary)
  29 kobolds
  10 kobold zombies (Ossuary)
  6 orc zombies (Ossuary)
  6 rats
797 creatures vanquished.

Vanquished Creatures (others)
  A mana viper (Snake:1)
  A vampire mosquito (D:12)
  An orc (D:8)
  50 fungi
  145 plants
198 creatures vanquished.

Grand Total: 995 creatures vanquished

Notes
Turn   | Place    | Note
-------+----------+-------------------------------------------
     0 | D:1      | Kaptain the Minotaur Fighter began the quest for the Orb.
     0 | D:1      | Reached XP level 1. HP: 19/19 MP: 0/0
   248 | D:1      | Reached XP level 2. HP: 27/27 MP: 1/1
   876 | D:1      | Found a faded altar of an unknown god.
  1253 | D:2      | Reached XP level 3. HP: 4/33 MP: 2/2
  2035 | D:2      | Reached skill level 1 in Dodging
  2086 | D:2      | Reached skill level 4 in Fighting
  2506 | D:3      | Noticed an ice beast
  2536 | D:3      | Noticed Terence
  2539 | D:3      | Reached XP level 4. HP: 40/40 MP: 3/3
  2549 | D:3      | Killed Terence
  2562 | D:3      | Killed an ice beast
  2563 | D:3      | Reached XP level 5. HP: 28/47 MP: 3/5
  2717 | D:3      | You fall into a shaft and drop 1 floor!
  2752 | D:4      | Noticed a centaur
  2767 | D:4      | Killed a centaur
  2768 | D:4      | Reached skill level 5 in Shields
  2768 | D:4      | Reached skill level 1 in Spellcasting
  2768 | D:4      | Reached XP level 6. HP: 26/53 MP: 6/6
  2773 | D:4      | Found Qac Igh's Weapon Boutique.
  3717 | D:4      | Reached skill level 5 in Armour
  3727 | D:4      | Reached skill level 5 in Fighting
  3876 | D:4      | Found a staircase to the Ecumenical Temple.
  3890 | Temple   | Entered the Ecumenical Temple
  4192 | D:4      | Reached XP level 7. HP: 57/61 MP: 7/7
  4220 | D:4      | Found a blossoming altar of Fedhas.
  4302 | D:5      | Entered Level 5 of the Dungeon
  4368 | D:5      | Found a sand-covered staircase.
  4374 | Ossuary  | Entered an ossuary
  4581 | Ossuary  | Reached skill level 5 in Axes
  4741 | D:5      | Reached XP level 8. HP: 64/70 MP: 9/9
  4889 | D:5      | Reached skill level 6 in Fighting
  5562 | D:5      | Noticed Edmund
  5581 | D:5      | Killed Edmund
  6498 | D:6      | Reached skill level 10 in Fighting
  6498 | D:6      | Reached XP level 9. HP: 60/86 MP: 4/11
  6499 | D:6      | Reached skill level 12 in Fighting
  6499 | D:6      | Reached skill level 10 in Armour
  6499 | D:6      | Reached skill level 10 in Shields
  6499 | D:6      | Reached XP level 10. HP: 71/100 MP: 4/12
  7979 | D:7      | Reached XP level 11. HP: 89/106 MP: 13/13
  8528 | D:7      | Found an ornate altar of the Wu Jian Council.
  8534 | D:7      | Found a stormy altar of Qazlal.
  8539 | D:7      | Found a shadowy altar of Dithmenos.
  9523 | D:8      | Reached skill level 13 in Fighting
  9782 | D:8      | Found a flagged portal.
  9788 | Bailey   | Entered a bailey
  9851 | Bailey   | Noticed an orc warlord
 10049 | Bailey   | Gained mutation: You are agile. (Dex +2) [potion of
                  | mutation]
 10049 | Bailey   | Gained mutation: Your system is resistant to poisons.
                  | (rPois) [potion of mutation]
 10049 | Bailey   | Gained mutation: Your magical capacity is low. (-10% MP)
                  | [potion of mutation]
 10049 | Bailey   | Gained mutation: You have hidden genetic potential. [potion
                  | of mutation]
 10065 | Bailey   | Found a runed translucent gate.
 10066 | Bailey   | Found a runed translucent gate.
 10075 | Bailey   | Found a runed translucent gate.
 10202 | Bailey   | Reached skill level 15 in Fighting
 10202 | Bailey   | Reached XP level 12. HP: 23/122 MP: 13/13
 11141 | D:8      | Found a glowing golden altar of the Shining One.
 11143 | D:8      | Noticed an angel
 11160 | D:8      | Found a basalt altar of Yredelemnul.
 11162 | D:8      | Noticed a profane servitor
 11171 | D:8      | Noticed Harold
 11182 | D:8      | Killed Harold
 11493 | D:9      | Noticed a two-headed ogre
 11502 | D:9      | Killed a two-headed ogre
 11638 | D:9      | Found Miydogro's Weapon Shop.
 11868 | D:9      | Noticed Gastronok
 11882 | D:9      | Reached skill level 16 in Fighting
 11907 | D:9      | Killed Gastronok
 12342 | D:9      | Identified the +6 ring mail "Jegal" {+Inv Dex+3 Stlth+}
 12823 | D:10     | Entered Level 10 of the Dungeon
 13033 | D:10     | Noticed a two-headed ogre
 13041 | D:10     | Killed a two-headed ogre
 13733 | D:10     | Found a staircase to the Orcish Mines.
 15402 | D:11     | Reached skill level 10 in Dodging
 15410 | D:11     | Gained mutation: Your natural rate of healing is unusually
                  | fast. [hidden potential]
 15411 | D:11     | Found a staircase to the Lair.
 15513 | D:11     | Reached XP level 13. HP: 116/130 MP: 12/14
 15696 | D:11     | Found a sacrificial altar of Ru.
 16346 | D:11     | Identified the +1 robe "Riuts" {+Inv rC+ Str-5 Dex+2}
 16437 | D:12     | Found a sparkling altar of Nemelex Xobeh.
 16672 | Lair:1   | Entered Level 1 of the Lair of Beasts
 17881 | Lair:2   | Found a stormy altar of Qazlal.
 17997 | Lair:2   | Gained mutation: Your flesh is cold resistant. (rC+)
                  | [hidden potential]
 17997 | Lair:2   | Lost mutation: You have hidden genetic potential. [hidden
                  | potential expressed]
 18327 | Lair:2   | Reached skill level 17 in Fighting
 18827 | Lair:2   | Found a stormy altar of Qazlal.
 19129 | Lair:3   | Identified the +1 leather armour of Daffodils {rF+}
 19270 | Lair:3   | Noticed Prince Ribbit
 19271 | Lair:3   | Reached skill level 10 in Axes
 19313 | Lair:3   | Killed Prince Ribbit
 19327 | Lair:3   | Reached XP level 14. HP: 140/140 MP: 13/16
 19589 | Lair:3   | Noticed Snorg
 19618 | Lair:3   | Killed Snorg
 19923 | Lair:3   | Found a staircase to the Shoals.
 20328 | Lair:4   | Found a staircase to the Snake Pit.
 21710 | Lair:5   | Found a dark tunnel.
 21720 | Volcano  | Entered a volcano
 21912 | Volcano  | Noticed a stone giant
 21932 | Volcano  | Killed a stone giant
 21951 | Volcano  | Found a bloodstained altar of Trog.
 22032 | Volcano  | Identified the +4 tower shield "Baesow" {Int+4 Slay-2 SInv}
 22175 | Lair:5   | Found a staircase to the Slime Pits.
 22797 | Lair:6   | Entered Level 6 of the Lair of Beasts
 22918 | Lair:6   | Found a frozen archway.
 22935 | IceCv    | Entered an ice cave
 22982 | IceCv    | Identified a scroll of acquirement
 22990 | IceCv    | Found the +4 skin of Zhor {*Englaciate rC+++ SInv}
 23161 | IceCv    | Noticed a reaper
 23378 | IceCv    | Identified the +10 mace "Liseclett" {pain, rPois Dex+5}
 23714 | IceCv    | Killed a reaper
 23715 | IceCv    | Reached skill level 1 in Long Blades
 23751 | Lair:6   | Reached skill level 18 in Fighting
 23769 | Lair:6   | Reached XP level 15. HP: 149/149 MP: 18/18
 25437 | Orc:1    | Entered Level 1 of the Orcish Mines
 25437 | Orc:1    | Found Mucipto's Book Boutique.
 25437 | Orc:1    | Found Kyelo's Antique Weapon Shop.
 25499 | Orc:1    | Bought a pitted great mace for 241 gold pieces
 25499 | Orc:1    | Identified the +6 great mace of Mayhem {flame, rF+ Str+2}
                  | (You bought it in a shop on level 1 of the Orcish Mines)
 25554 | Orc:2    | Entered Level 2 of the Orcish Mines
 25567 | Orc:1    | Noticed Josephine
 25573 | Orc:1    | Killed Josephine
 25629 | Orc:1    | Found a shimmering altar of Xom.
 25642 | Orc:1    | Found Jerecve's Book Emporium.
 25658 | Orc:1    | Found Diegeom's Assorted Antiques.
 25717 | Orc:1    | Bought a glittering golden ring for 125 gold pieces
 25717 | Orc:1    | Identified the ring of Heresy {rPois rF- Str-4 Dex+7} (You
                  | bought it in a shop on level 1 of the Orcish Mines)
 25717 | Orc:1    | Bought a scroll of holy word for 187 gold pieces
 25717 | Orc:1    | Bought a scroll of magic mapping for 87 gold pieces
 25815 | Orc:1    | Found Ozat's General Store.
 25823 | Orc:1    | Bought a potion of curing for 45 gold pieces
 25823 | Orc:1    | Bought a scroll of teleportation for 45 gold pieces
 25823 | Orc:1    | Bought a wand of iceblast (3) for 105 gold pieces
 25823 | Orc:1    | Bought a potion of might for 60 gold pieces
 25823 | Orc:1    | Bought a wand of acid (5) for 270 gold pieces
 26366 | Orc:2    | Found a staircase to the Elven Halls.
 26437 | Orc:2    | Found Ruetu's Jewellery Emporium.
 26437 | Orc:2    | Found Ynucov's Antique Armour Boutique.
 26439 | Orc:2    | Found Neomucw's Distillery.
 26441 | Orc:2    | Found Semmi's Distillery.
 26445 | Orc:2    | Bought a potion of curing for 39 gold pieces
 26445 | Orc:2    | Bought a potion of haste for 130 gold pieces
 26445 | Orc:2    | Bought 2 potions of curing for 78 gold pieces
 26445 | Orc:2    | Bought a potion of curing for 39 gold pieces
 26452 | Orc:2    | Bought a fine cloak for 275 gold pieces
 26452 | Orc:2    | Identified the +5 cloak of Tartarus {rPois Will- Str+3
                  | Dex+7} (You bought it in a shop on level 2 of the Orcish
                  | Mines)
 26454 | Orc:2    | Bought a shimmering plate armour for 812 gold pieces
 26454 | Orc:2    | Identified the +5 plate armour "Teff" {Rampage *Slow rElec
                  | Stlth+} (You bought it in a shop on level 2 of the Orcish
                  | Mines)
 26714 | Snake:1  | Entered Level 1 of the Snake Pit
 26748 | Snake:1  | Reached skill level 15 in Shields
 27234 | Snake:1  | Mangled by a naga mage

Illustrated notes

Levels and vault maps discovered:
D:1:      sevenhm_arrival_forest_fort_small_4, layout_basic,
          basic_ecumenical_altar, corexii_item_surrounded_by_moat,
          amethyst_killhole, minmay_splitting_lines
D:2:      layout_basic
D:3:      layout_rooms, hangedman_decor_points, minmay_surrounded, uniq_terence
D:4:      layout_basic, marbit_many_paths, minmay_temple_entry_antechambers,
          serial_shops, shop, minmay_vboxes
D:5:      layout_gridville, lightli_ossuary_entry_decrepit_ruins, uniq_edmund
D:6:      layout_layer_cave
D:7:      layout_basic, minmay_overflow_temple_star_quad, serial_bayou_pond_b
D:8:      layout_gridville, grunt_temple_overflow_holy_war, enter_bailey_3,
          uniq_harold
D:9:      layout_gridville, serial_shops, nicolae_take_the_stairs,
          grunt_ministairs_7, chequers_serial_rivers_small_3, uniq_gastronok
D:10:     layout_basic, erik_orc_4
D:11:     layout_basic, dpeg_oklobed_lair, special_room [special_room_orc],
          nicolae_ru_path_of_blood
D:12:     layout_loops_ring, serial_shops, kennysheep_mini_moat,
          nemelex_lonely_heart_becter
Temple:   eino_temple_scatter_basement
Lair:1:   layout_roguey, lemuel_old_faithful
Lair:2:   layout_long_grid, basic_altar, lemuel_oklob_altar
Lair:3:   layout_roguey, shoals_dummy_entry, beast_lair_carwin_10,
          grunt_megastairs_2, lemuel_fruit_fields, uniq_prince_ribbit2,
          uniq_snorg
Lair:4:   layout_regular_city, guppyfry_snake_entry_garden,
          nicolae_lair_lakeside_cave
Lair:5:   layout_gridlike, minmay_slime_entry_pillars,
          nicolae_volcano_entry_two_sided
Lair:6:   minmay_lair_end_frog_pond, layout_misc_corridors,
          portal_ice_cave_rime, minivault_11, hangedman_lair_generics_rect,
          lemuel_fruit_tree
Snake:1:  layout_misc_corridors, st_stairs_2, nicolae_snake_gridmaze_waves
Orc:1:    layout_caves, basic_altar, serial_shops, nicolae_shop_waterfront,
          nicolae_shop_competitors_out_of_business, nicolae_shop_waterfront,
          shop, shop, uniq_josephine
Orc:2:    st_orc_rangers, layout_caves

Skill      XL: |  1  2  3  4  5  6  7  8  9 10 11 12 13 14 15 |
---------------+----------------------------------------------+-----
Shields        | 4 5 6 9 10 11 13 14 15 | 15.0
Axes           | 3 4 5 6 7 8 10 11 | 11.8
Armour         | 4 5 9 10 11 12 14 | 14.8
Dodging        | 1 2 3 4 7 8 9 10 11 12 13 | 13.2
Fighting       | 4 5 10 12 15 16 17 18 | 18.6
Spellcasting   | 1 2 3 4 |  4.9
Long Blades    | 1 4 |  4.5

Action                   |  1- 3 |  4- 6 |  7- 9 | 10-12 | 13-15 || total
-------------------------+-------+-------+-------+-------+-------++-------
Melee: War axe           |   101 |   109 |   196 |   517 |   993 ||  1916
       Headbutt          |    11 |    22 |    37 |   112 |   478 ||   660
       Flail             |       |       |       |       |     9 ||     9
       Scimitar          |       |       |       |       |   612 ||   612
       Broad axe         |       |       |       |       |    56 ||    56
Throw: Dart              |       |       |       |     7 |       ||     7
Evoke: Wand              |       |     1 |       |       |     3 ||     4
  Use: Potion            |     3 |       |     2 |    13 |     9 ||    27
       Scroll            |       |     7 |     6 |     7 |    13 ||    33
 Stab: Invisible         |     1 |       |       |       |     1 ||     2
       Petrifying        |       |       |       |       |     1 ||     1
Armor: Scale mail        |    18 |       |       |       |       ||    18
       Chain mail        |    44 |    25 |       |       |       ||    69
       Plate armour      |       |    63 |   115 |   316 |   557 ||  1051
       Skin              |       |       |       |     4 |       ||     4
       Crystal plate arm |       |       |       |       |   338 ||   338
Dodge: Dodged            |    35 |    42 |    49 |   213 |   641 ||   980
Block: Buckler           |    22 |    16 |       |       |       ||    38
       Kite shield       |       |    26 |    84 |   360 |   616 ||  1086
       Tower shield      |       |       |       |       |  1258 ||  1258
